 Dungeon Crawl Stone Soup version 0.26.1-11-gd32895ea62 (webtiles) character file.

Game seed: 12885473855922275113

50 DildoBatman the Conjurer (level 4, -2/30 HPs)
             Began as a Formicid Conjurer on May 14, 2021.
             Hit by a boomerang thrown by an orc (6 damage)
             ... on level 2 of the Dungeon.
             The game lasted 00:02:43 (1137 turns).

DildoBatman the Conjurer (Formicid Conjurer)        Turns: 1137, Time: 00:02:44

Health: -2/30      AC:  2    Str: 12    XL:     4   Next: 4%
Magic:  7/7        EV: 12    Int: 18    God:
Gold:   77         SH:  0    Dex:  9    Spells: 4/7 levels left

rFire    . . .     SeeInvis +   l - +0 short sword
rCold    . . .     Faith    .   (no shield)
rNeg     . . .     Spirit   .   a - +0 robe
rPois    .         Reflect  .   (helmet unavailable)
rElec    .         Harm     .   (no cloak)
rCorr    +         Rampage  .   (no gloves)
Will     .....                  (no boots)
Stlth    ++........             (no amulet)
HPRegen  0.10/turn              i - ring of resist corrosion
MPRegen  0.10/turn              (no ring)

@: no status effects
A: permanent stasis, dig shafts and tunnels, four strong arms, antennae 3
a: Dig, Shaft Self


You were on level 2 of the Dungeon.
You visited 1 branch of the dungeon, and saw 2 of its levels.

You collected 77 gold pieces.

Inventory:

Hand Weapons
 e - a +0 dagger
 l - a +0 short sword (weapon)
Missiles
 b - 76 stones
 g - 15 sling bullets
 m - 27 bolts
 n - 18 arrows
Armour
 a - a +0 robe (worn)
Jewellery
 i - a ring of resist corrosion (left hand)
Scrolls
 j - a scroll of identify {unknown}
 k - 2 scrolls of remove curse {unknown}
 o - a scroll of teleportation {unknown}
 q - a scroll of enchant armour {unknown}
Potions
 c - a potion of curing {unknown}
 d - a potion of heal wounds {unknown}
 f - a potion of might {unknown}
 h - a potion of degeneration {unknown}
 p - 2 potions of flight {unknown}


   Skills:
 - Level 1.7 Dodging
 - Level 2.4 Stealth
 - Level 2.1 Spellcasting
 * Level 4.9 Conjurations


You had 4 spell levels left.
You knew the following spells:

 Your Spells              Type           Power        Failure   Level
a - Searing Ray           Conj           38%          3%          2
c - Magic Dart            Conj           76%          2%          1

Your spell library contained the following spells:

 Spells                   Type           Power        Failure   Level
 Dazzling Flash           Conj/Hex       20%          21%         3
 Fulminant Prism          Conj/Hex       5%           54%         4
 Iskenderun's Mystic Bla  Conj/Tloc      10%          54%         4


Dungeon Overview and Level Annotations

Branches:
Dungeon (2/15)

Altars:


Innate Abilities, Weirdness & Mutations

You cannot be hasted, slowed, berserked, paralysed or teleported.
You can dig through walls and to a lower floor.
Your four strong arms can wield two-handed weapons with a shield.
You have a pair of large antennae on your head. (SInv)


Message History

g - Guard the area. f - Follow me.
Anything else - Cancel.
You shout for attention!
The orc wizard casts a spell at you. The magic dart hits you!
The orc throws a boomerang.
The boomerang completely misses you.
The weapon returns to the orc!
What are your orders? t - Shout!
Orders for allies: a - Attack new target. r - Retreat! s - Stop attacking. g - Guard the area. f - Follow me.
Anything else - Cancel.
You shout for attention!
The orc wizard barely misses you.
The orc wizard hits you with a +0 dagger.
The orc throws a boomerang.
The boomerang hits you.
You die...

#...............
##.#.#.#............
#####...............>...
......)#.#.#..#.........
...<..........#........
##.....#.#.#{##..o...#
#.........[.##.....†######
#........#####......#....#
#.......## #.@....#.##
#.......# ##o####.#)<#
#.......#####.#####.o..#
#.....)................#
#......#####..######.###
#....(.# #..# #.. #......#
#..+ #.. #......# #..+
#..# #......# #..# #..#


You could see an orc wizard (fast) and an orc.

Vanquished Creatures
  An adder (D:2)
  2 dart slugs (D:1)
  A leopard gecko (D:1)
  An orc (D:2)
  2 giant cockroaches (D:1)
  4 hobgoblins (D:1)
  2 jackals (D:2)
  4 bats
  3 frilled lizards (D:1)
  3 goblins
  6 kobolds (D:1)
  7 rats
36 creatures vanquished.

Notes
Turn   | Place    | Note
-------+----------+-------------------------------------------
     0 | D:1      | DildoBatman the Formicid Conjurer began the quest for the
                  | Orb.
     0 | D:1      | Reached XP level 1. HP: 13/13 MP: 3/3
   254 | D:1      | Reached XP level 2. HP: 19/19 MP: 0/5
   262 | D:1      | Reached skill level 4 in Conjurations
   272 | D:1      | Learned a level 2 spell: Searing Ray
   570 | D:1      | Reached XP level 3. HP: 24/24 MP: 3/6
  1108 | D:2      | Reached XP level 4. HP: 30/30 MP: 4/7
  1137 | D:2      | Hit by a boomerang thrown by an orc

Illustrated notes

Levels and vault maps discovered:
D:1:      dpeg_arrival_prison, layout_basic
D:2:      layout_basic, general_overflow_altar, minmay_overflow_temple_hex,
          serial_glass, glass_columns_a, glass_columns_b, glass_columns_a,
          glass_columns_a

Skill      XL: |  1  2 |
---------------+-------+-----
Conjurations   | 4 |  4.9
Dodging        | |  1.7
Stealth        | |  2.4
Spellcasting   | |  2.1

Action                   |  1- 3 |  4- 6 || total
-------------------------+-------+-------++-------
Melee: Dagger            |    12 |       ||    12
       Short sword       |     4 |       ||     4
 Cast: Magic Dart        |    62 |       ||    62
       Searing Ray       |     1 |       ||     1
 Abil: Dig               |     3 |     1 ||     4
Armor: Robe              |     3 |       ||     3
Dodge: Dodged            |    22 |     7 ||    29
